 Dungeon Crawl Stone Soup version 0.28.0-53-g5a82cb258f (webtiles) character file.

Game seed: 14432624487907468784

116 Woods the Conjurer (level 4, 24/24 HPs)
             Began as a Deep Elf Conjurer on July 4, 2022.
             Quit the game on level 4 of the Dungeon on July 27, 2022.
             The game lasted 00:04:35 (3230 turns).

Woods the Conjurer (Deep Elf Conjurer)              Turns: 3230, Time: 00:04:35

Health: 24/24      AC:  4    Str:  4    XL:     4   Next: 70%
Magic:  12/12      EV: 17    Int: 25    God:
Gold:   74         SH:  0    Dex: 13    Spells: 1/11 levels left

rFire   . . .      SeeInvis .   (no weapon)
rCold   . . .      Faith    .   (no shield)
rNeg    . . .      Spirit   .   r - +2 robe {Will+}
rPois   .          Reflect  .   (no helmet)
rElec   .          Harm     .   (no cloak)
rCorr   .          Rampage  .   (no gloves)
Will    +....                   (no boots)
Stlth   ++........              d - amulet of regeneration
HPRegen 0.88/turn               q - +4 ring of evasion
MPRegen 0.13/turn               (no ring)

@: no status effects
A: no striking features
a: no special abilities


You were on level 4 of the Dungeon.
You visited 1 branch of the dungeon, and saw 4 of its levels.

You collected 74 gold pieces.

Inventory:

Armour
 a - a +0 robe
 r - a +2 robe of willpower (worn)
Jewellery
 d - an amulet of regeneration (around neck)
 q - a +4 ring of evasion (left hand)
Scrolls
 b - 3 scrolls of identify {unknown}
 c - a scroll of magic mapping {unknown}
 e - a scroll of vulnerability {unknown}
 f - a scroll of holy word {unknown}
 g - 3 scrolls of immolation {unknown}
 h - a scroll of silence {unknown}
 n - a scroll of teleportation {unknown}
 o - 2 scrolls of brand weapon {unknown}
Potions
 i - a potion of degeneration {unknown}
 j - a potion of berserk rage {unknown}
 k - 2 potions of curing {unknown}
 l - a potion of haste {unknown}
 m - a potion of mutation {unknown}
 p - a potion of attraction {unknown}
 s - a potion of flight {unknown}


   Skills:
 + Level 3.6 Dodging
 + Level 3.9 Stealth
 + Level 4.1 Spellcasting
 + Level 5.0 Conjurations


You had one spell level left.
You knew the following spells:

 Your Spells              Type           Power      Damage    Failure   Level
a - Magic Dart            Conj           100%       1d8       1%          1
b - Searing Ray           Conj           60%        2d6       1%          2
c - Dazzling Flash        Conj/Hex       34%        N/A       10%         3
d - Fulminant Prism       Conj/Hex       8%         3d7       30%         4

Your spell library contained the following spells:

 Spells                   Type           Power      Damage    Failure   Level
 Iskenderun's Mystic Bla  Conj/Tloc      17%        2d5       30%         4


Dungeon Overview and Level Annotations

Branches:
Dungeon (4/15)
 Temple: D:4-7

Altars:
Ashenzari
Trog
Xom


Message History

Magic restored.
You start waiting.
Done waiting.
Found a stone staircase leading down.
Saving game... please wait.
Welcome back, Woods the Deep Elf Conjurer.
Press ? for a list of commands and other information.
Sorry, you're not good enough to have a special ability.
Cast which spell? (? or * to list)
You don't know that spell.
Cast which spell? (? or * to list)
The spell is potentially lethal to miscast (30% risk of failure)!
Continue anyway? [Y]es or [N]o only, please.
The spell is potentially lethal to miscast (30% risk of failure)!
Continue anyway? [Y]es or [N]o only, please.
The spell is potentially lethal to miscast (30% risk of failure)!
Continue anyway?
Aiming: Fulminant Prism (potentially lethal; 30% risk of failure)
Press: ? - help, Dir - move target
There is a wall there.
Okay, then.
Casting: Fulminant Prism (potentially lethal; 30% risk of failure)
Confirm with . or Enter, or press ? or * to list all spells.
You can't see any susceptible monsters within range! (Use Z to cast anyway.)
Found 14 stones.
A ball python and a phantom come into view.
There are monsters nearby!
Casting: Fulminant Prism (potentially lethal; 30% risk of failure)
Confirm with . or Enter, or press ? or * to list all spells.
Aiming: Magic Dart (safe; 1% risk of failure)
Press: ? - help, Shift-Dir - straight line
Okay, then.
Casting: Magic Dart (safe; 1% risk of failure)
Confirm with . or Enter, or press ? or * to list all spells.
Aiming: Magic Dart (safe; 1% risk of failure)
Press: ? - help, Shift-Dir - straight line
Okay, then.
Unknown command.
Welcome back, Woods the Deep Elf Conjurer.
Press ? for a list of commands and other information.
Are you sure you want to abandon this character and quit the game? (Confirm with "yes".)

.......# .W$...#
..$..# .. #....+ ...
+....########
....#........>..#
...........####.###
.......@..........#+#
.(.........####.#.#.#
................#.#.##
......##+#.###.......#
.####S #.###..###..+
.. ...##..###.## ..
###.##..##..#
.....####.##..##.##
........##..##.##


You could see a phantom and a ball python (asleep).

Vanquished Creatures
  2 gnolls (D:3)
  3 adders
  An ufetubus (D:3)
  A worm (D:2)
  A dart slug (D:2)
  7 orcs
  7 ball pythons
  4 bats
  An endoplasm (D:4)
  2 giant cockroaches (D:1)
  4 goblins
  5 hobgoblins
  2 quokkas
  6 frilled lizards
  7 kobolds
  3 rats
56 creatures vanquished.

Vanquished Creatures (others)
  A demonic plant (D:1)
  A fulminant prism (D:3)
2 creatures vanquished.

Grand Total: 58 creatures vanquished

Notes
Turn   | Place    | Note
-------+----------+-------------------------------------------
     0 | D:1      | Woods the Deep Elf Conjurer began the quest for the Orb.
     0 | D:1      | Reached XP level 1. HP: 10/10 MP: 6/6
   112 | D:1      | Reached XP level 2. HP: 15/15 MP: 4/8
   115 | D:1      | Learned a level 2 spell: Searing Ray
   322 | D:1      | Found a faded altar of an unknown god.
   964 | D:2      | Reached XP level 3. HP: 19/19 MP: 6/10
   971 | D:2      | Learned a level 3 spell: Dazzling Flash
  1834 | D:3      | Found a bloodstained altar of Trog.
  1971 | D:3      | Reached XP level 4. HP: 22/24 MP: 6/11
  2014 | D:3      | Learned a level 4 spell: Fulminant Prism
  2364 | D:3      | Found a shimmering altar of Xom.
  2476 | D:3      | Reached skill level 5 in Conjurations
  2747 | D:4      | Found a broken altar of Ashenzari.
  3229 | D:4      | Noticed a phantom
  3230 | D:4      | Quit the game

Illustrated notes

Levels and vault maps discovered:
D:1:      minmay_arrival_shoal_huts, layout_rooms, shapermc_ecumenical_altar_gd,
          item_on_display_a
D:2:      layout_rooms, serial_rivers, chequers_serial_rivers_small_a,
          chequers_serial_rivers_small_3, chequers_serial_rivers_room_a,
          chequers_serial_rivers_micro_e, chequers_serial_rivers_room_b,
          chequers_serial_rivers_micro_e, chequers_decorated_corner,
          minmay_indecisive_spiral
D:3:      layout_loops_ring, tgw_xom, mainiacjoe_overflow_surrounded_room
D:4:      nicolae_cairo_tiling_very_big, layout_basic, evilmike_ruin_ashenzari

Skill      XL: |  1  2  3  4 |
---------------+-------------+-----
Stealth        | 3 |  3.9
Dodging        | 3 |  3.6
Spellcasting   | 4 |  4.1
Conjurations   | 5 |  5.0

Action                   |  1- 3 |  4- 6 || total
-------------------------+-------+-------++-------
Melee: Unarmed           |     5 |       ||     5
 Cast: Magic Dart        |    78 |    21 ||    99
       Searing Ray       |       |     3 ||     3
       Fulminant Prism   |       |     1 ||     1
Armor: Robe              |     5 |       ||     5
Dodge: Dodged            |    10 |     1 ||    11
